cohdb
Replays
Latest Replays
All Replays
Popular Replays
Top Player Replays
Match Explorer
How It Works
Community
CoH3 Stats
Reddit
Sign in to upload your games and track your stats! →
Sign in with Steam
Match 47121564
Unlisted
Match 47121564
Overview
Messages
Build Orders
End
Pioneer Squad
Construct Infanterie Kompanie
Selects Luftwaffe Battlegroup
MG 42 Machine Gun Team
MG 42 Machine Gun Team
Grenadier Squad
Construct Panzergrenadier Kompanie
Selects Stuka Strafing Run
251 Medium Carrier
Stuka Strafing Run
Panzergrenadier Squad
Selects Fallschirmjäger Squad Paradrop
Medical Bunker
Construct Panzer Kompanie
Panzergrenadier Squad
Stuka Strafing Run
Construct Panzer Kompanie
Stuka Strafing Run
Panzer IV Medium Tank
Selects Stuka Loiter
Stuka Loiter
Stuka Strafing Run
Panzer IV Medium Tank
Panzer IV Medium Tank
Selects Luftwaffe Pioneer Support
Selects LG40 Recoilless Gun Paradrop
Stuka Strafing Run
Selects Infantry Reserves
Panzer IV Medium Tank
Stuka Strafing Run
Pak 40 Anti-tank Gun Team
Panzer IV Medium Tank
Pak 40 Anti-tank Gun Team
Fallschirmjäger Squad Paradrop
.
xizi20
ArmouredTopHat
Ends of Invention
0
0
Comments
sign in to comment!
No comments posted yet!